 Dungeon Crawl Stone Soup version 0.21-a0-450-gd87a9b2 (webtiles) character file.

57 Laiders the Poker (level 4, -1/33 HPs)
             Began as a Merfolk Gladiator on Nov 18, 2017.
             Slain by an adder (2 damage)
             ... on level 2 of the Dungeon.
             The game lasted 00:03:42 (609 turns).

Laiders the Poker (Merfolk Gladiator)                Turns: 609, Time: 00:03:42

Health: -1/33      AC:  5    Str: 15    XL:     4   Next: 0%
Magic:  4/4        EV: 14    Int:  7    God:
Gold:   83         SH:  0    Dex: 16    Spells: 3/3 levels left

rFire    . . .     SeeInvis .   a - +0 trident
rCold    . . .     Gourm    .   (no shield)
rNeg     . . .     Faith    .   b - +0 leather armour
rPois    .         Spirit   .   c - +1 helmet
rElec    .         Reflect  .   (no cloak)
rCorr    .         Harm     .   (no gloves)
MR       .....                  (no boots)
Stlth    +.........             (no amulet)
HPRegen  0.11/turn              n - +3 ring of dexterity
MPRegen  0.09/turn              p - -2 ring of dexterity (curse)

@: lethally poisoned (-1 -> -3)
A: change form in water, swift swim, stealthy swim
a: no special abilities


You were on level 2 of the Dungeon.
You were not hungry.

You visited 1 branch of the dungeon, and saw 2 of its levels.

You collected 83 gold pieces.

Inventory:

Hand Weapons
 a - a +0 trident (weapon)
Missiles
 d - 3 throwing nets (quivered)
Armour
 b - a +0 leather armour (worn)
 c - a +1 helmet (worn)
Jewellery
 n - a +3 ring of dexterity (left hand)
 p - a cursed -2 ring of dexterity (right hand)
Scrolls
 k - 2 scrolls of enchant armour
Comestibles
 f - a bread ration
 g - 2 royal jellies
 o - 3 fruits


   Skills:
 - Level 2.1 Fighting
 + Level 6.9 Polearms
 - Level 2.0 Throwing
 - Level 4.0 Dodging


You had 3 spell levels left.
You didn't know any spells.

Dungeon Overview and Level Annotations

Branches:
Dungeon (2/15)

Altars:


Message History

The adder poisons you!
You miss the adder.
The adder is almost dead.
You feel sick. The quokka barely misses you. The adder bites you.
* * * LOW HITPOINT WARNING * * *
The quokka twitches its whiskers.
You feel sick. The quokka misses you. The adder bites you.
* * * LOW HITPOINT WARNING * * *
You hit the adder.
The adder is almost dead.
* * * LOW HITPOINT WARNING * * *
You feel sick. The adder barely misses you.
You miss the adder.
The adder is almost dead.
The adder misses you.
You barely miss the adder.
The adder is almost dead.
The adder bites you.
You die...

#################.#
#(>.......@Sl.....#
#...########.####.#
#...# #r.##
#...#### ##..##
#...##.# ##)†#
#...##.## ##.#
#...#..<# #...
####..#.# .....#
#.##.# .....#


You could see an adder and a frilled lizard.

Vanquished Creatures
  A worker ant (D:2)
  2 dart slugs (D:1)
  4 bats
  4 giant cockroaches
  4 goblins (D:1)
  3 hobgoblins
  3 jackals (D:2)
  A frilled lizard (D:1)
  A kobold (D:1)
  3 rats (D:1)
26 creatures vanquished.

Notes
Turn   | Place    | Note
-------+----------+-------------------------------------------
     0 | D:1      | Laiders the Merfolk Gladiator began the quest for the Orb.
     0 | D:1      | Reached XP level 1. HP: 16/16 MP: 1/1
    49 | D:1      | Reached skill level 5 in Polearms
    68 | D:1      | Reached XP level 2. HP: 22/22 MP: 2/2
   327 | D:1      | Reached skill level 6 in Polearms
   327 | D:1      | Reached XP level 3. HP: 24/27 MP: 3/3
   593 | D:2      | Reached XP level 4. HP: 17/33 MP: 4/4
   607 | D:2      | HP: 1/33 [poisoned by an adder]
   609 | D:2      | Slain by an adder

Vault maps used:
D:1:      dpeg_arrival_connections, minmay_tall_x
D:2:      hex_large

Skill      XL: |  1  2 |
---------------+-------+-----
Polearms       | 5 6 |  6.9
Fighting       | |  2.1
Throwing       | |  2.0
Dodging        | |  4.0

Action                   |  1- 3 |  4- 6 || total
-------------------------+-------+-------++-------
Melee: Trident           |    87 |    11 ||    98
  Use: Scroll            |     6 |       ||     6
       Potion            |     1 |     1 ||     2
Armor: Leather armour    |    29 |     3 ||    32
Dodge: Dodged            |    78 |    15 ||    93

Table legend:
 A = Spawn XP
 B = Non-spawn XP
 C = Spawn XP percentage of total XP
 D = Spawn monster count
 E = Non-spawn monster count
 F = Spawn count percentage of total count
 G = Total turns spent on level
                    A         B        C        D         E        F      G
               +---------+---------+-------+---------+---------+-------+---------
         Total |       0 |      82 |   0.0 |       0 |      26 |   0.0 |   609
               +---------+---------+-------+---------+---------+-------+---------
           D:1 |       0 |      37 |   0.0 |       0 |      19 |   0.0 |   532
           D:2 |       0 |      45 |   0.0 |       0 |       7 |   0.0 |    77
               +---------+---------+-------+---------+---------+-------+---------
